 Dungeon Crawl Stone Soup version 0.31-a0-23-gcbde74481b (webtiles) character file.

Game seed: 17656211490489717280

601 pk666 the Magician (level 7, 0/33 (36) HPs)
             Began as a Deep Elf Hedge Wizard on May 14, 2023.
             Slain by a wight
             ... wielding a +0 mace
              (5 damage)
             ... on level 5 of the Dungeon.
             The game lasted 00:11:14 (6756 turns).

pk666 the Magician (Deep Elf Hedge Wizard)          Turns: 6756, Time: 00:11:15

HP:   0/33 (36)     AC:  7    Str:  7    XL:     7   Next: 18%
MP:   6/18          EV: 17    Int: 21    God:
Gold: 370           SH:  0    Dex: 14    Spells: 12/18 levels left

rFire   . . .        a - +0 dagger
rCold   . . .        (no shield)
rNeg    . . .        b - +0 robe
rPois   .            c - +0 hat
rElec   .            (no cloak)
rCorr   .            (no gloves)
SInv    .            m - +0 pair of boots
Will    .....        (no amulet)
Stlth   ++           q - +4 ring of protection
HPRegen 0.25/turn    v - +5 ring of evasion
MPRegen 0.16/turn

%: no passive effects
@: on blink cooldown, drained
A: no striking features
a: no special abilities


You were on level 5 of the Dungeon.
You visited 2 branches of the dungeon, and saw 7 of its levels.

You collected 370 gold pieces.

Inventory:

Hand Weapons
 a - a +0 dagger (weapon)
Missiles
 f - 3 throwing nets
Armour
 b - a +0 robe (worn)
 c - a +0 hat (worn)
 m - a +0 pair of boots (worn)
Jewellery
 q - a +4 ring of protection (left hand)
 v - a +5 ring of evasion (right hand)
Wands
 r - a wand of polymorph (9)
 x - a wand of iceblast (9)
Scrolls
 e - 7 scrolls of identify
 g - a scroll of brand weapon {unknown}
 j - a scroll of teleportation
 s - a scroll of vulnerability {unknown}
 t - a scroll of enchant armour {unknown}
 u - 2 scrolls of poison {unknown}
 y - a scroll of noise {unknown}
Potions
 d - a potion of magic
 h - 2 potions of curing {unknown}
 i - a potion of mutation {unknown}
 k - 2 potions of lignification {unknown}
 l - a potion of haste {unknown}
 n - a potion of attraction {unknown}
 o - a potion of invisibility {unknown}
 p - 2 potions of flight {unknown}
 w - a potion of berserk rage {unknown}


   Skills:
 - Level 2.4 Dodging
 - Level 2.4 Stealth
 + Level 6.1 Spellcasting
 * Level 5.3 Conjurations
 - Level 1.1 Summonings
 - Level 2.2 Translocations
 + Level 2.3 Air Magic
 + Level 3.8 Poison Magic


You had 12 spell levels left.
You knew the following spells:

 Your Spells              Type           Power      Damage    Failure   Level
a - Magic Dart            Conj           100%       1d8       1%          1
b - Blink                 Tloc           30%        N/A       6%          2
c - Mephitic Cloud        Conj/Pois/Air  22%        N/A       6%          3

Your spell library contained the following spells:

 Spells                   Type           Power      Damage    Failure   Level
 Momentum Strike          Conj/Tloc      44%        3d9       3%          2
 Cigotuvi's Dreadful Rot  Necr/Pois/Air  30%        N/A       6%          2
 Lesser Beckoning         Tloc           30%        N/A       6%          2
 Slow                     Hex            24%        N/A       10%         1
 Call Imp                 Summ           22%        N/A       10%         2
 Sublimation of Blood     Necr           6%         N/A       14%         2
 Wereblood                Tmut           6%         N/A       14%         2
 Summon Hydra             Summ           5%         N/A       100%        7


Dungeon Overview and Level Annotations

Branches:
Dungeon (6/15)             Temple (1/1) D:4

Altars:
Ashenzari
Cheibriados
Kikubaaqudgha
Makhleb
Ru
Sif Muna
Yredelemnul
The Shining One

Annotations:
D:2 1 runed translucent door, Crazy Yiuf
D:4 exclusion: door
D:6 3 runed translucent doors, exclusions: steam dragon and troll, PostNTower's ghost, novice DrTm


Message History

A wight is wielding a +4 morningstar of freezing.
The wight attacks as you move away! The wight closely misses you.
The wight attacks as you move away! The wight misses you.
The wight attacks as you move away! The wight barely misses you.
The wight attacks as you move away! The wight misses you.
The wight attacks as you move away! The wight closely misses you.
The wight attacks as you move away! The wight closely misses you.
The wight attacks as you move away! The wight completely misses you.
The wight attacks as you move away! The wight completely misses you.
The wight attacks as you move away! The wight completely misses you.
Found 2 inky potions.
The wight attacks as you move away! The wight hits you with a +0 mace.
* * * LOW HITPOINT WARNING * * *
Found a stone staircase leading up.
The wight attacks as you move away! The wight hits you with a +0 mace.
* * * LOW HITPOINT WARNING * * *
The wight attacks as you move away! The wight hits you with a +0 mace.
* * * LOW HITPOINT WARNING * * *
You feel drained.
There is a stone staircase leading up here.
The wight barely misses you.
You climb upwards.
There is a stone staircase leading down here.
Casting: Blink (safe; 6% risk of failure)
Confirm with . or Enter, or press ? or * to list all spells.
You blink.
You feel stable enough to blink again. The wight attacks as you move away!
The wight misses you. The wight attacks as you move away!
The wight completely misses you. The wight attacks as you move away!
The wight misses you. The wight attacks as you move away!
The wight hits you with a +0 mace.
* * * LOW HITPOINT WARNING * * *
You feel drained.
* * * LOW HITPOINT WARNING * * *
Casting: Blink (safe; 6% risk of failure)
Confirm with . or Enter, or press ? or * to list all spells.
You blink.
The wight attacks as you move away! The wight hits you but does no damage.
The wight attacks as you move away! The wight hits you with a +0 mace.
You die...

##.......## ##.
##......# #.
##.....##### #.
##........########.
##.............>..
##.................
###.....####.........
##.........####.......
###....@z...<...........
#.......................
###.....................
#.....................
#.....................
#.....................
##....................
#.............>....[.
##...................


You could see a wight.

Vanquished Creatures
  2 ogres
  A phantom (D:4)
  A scorpion (D:5)
  A wight (D:5)
  An orc priest (D:5)
  A sleepcap (D:5)
  An iguana (D:5)
  4 adders
  4 gnolls (D:3)
  An ufetubus (D:5)
  2 worms
  2 dart slugs (D:1)
  8 orcs
  9 endoplasms
  A giant cockroach (D:4)
  7 hobgoblins
  5 kobolds
  6 quokkas
  6 ball pythons
  2 ball python zombies (D:3)
  11 bats
  2 frilled lizards
  A goblin (D:2)
  9 rats
88 creatures vanquished.

Notes
Turn   | Place    | Note
-------+----------+-------------------------------------------
     0 | D:1      | pk666 the Deep Elf Hedge Wizard began the quest for the
                  | Orb.
     0 | D:1      | Reached XP level 1. HP: 10/10 MP: 7/7
   294 | D:1      | Reached XP level 2. HP: 15/15 MP: 7/9
  1013 | D:1      | Reached XP level 3. HP: 19/19 MP: 8/11
  1585 | D:2      | Found a runed translucent door.
  1586 | D:2      | Noticed Crazy Yiuf
  2097 | D:2      | Reached skill level 5 in Spellcasting
  2604 | D:3      | Learned a level 2 spell: Blink
  2608 | D:3      | Learned a level 3 spell: Mephitic Cloud
  2742 | D:3      | Reached XP level 4. HP: 20/24 MP: 7/13
  2852 | D:3      | Found a faded altar of an unknown god.
  3127 | D:3      | Reached skill level 1 in Poison Magic
  3283 | D:3      | Found a basalt altar of Yredelemnul.
  3894 | D:4      | Found a staircase to the Ecumenical Temple.
  3906 | Temple   | Entered the Ecumenical Temple
  3968 | D:4      | Noticed an ogre
  4093 | D:4      | Reached XP level 5. HP: 28/28 MP: 6/14
  4289 | D:4      | Found a glowing golden altar of the Shining One.
  4386 | D:4      | Noticed a phantom
  4393 | D:4      | Killed a phantom
  4394 | D:4      | Reached skill level 1 in Air Magic
  4521 | D:4      | Found a burning altar of Makhleb.
  4522 | D:4      | Found a sacrificial altar of Ru.
  4527 | D:4      | Found a broken altar of Ashenzari.
  4887 | D:4      | Killed an ogre
  4888 | D:4      | Reached XP level 6. HP: 32/32 MP: 5/16
  4996 | D:5      | Entered Level 5 of the Dungeon
  5442 | D:5      | Reached skill level 6 in Spellcasting
  5442 | D:5      | Reached skill level 5 in Conjurations
  5642 | D:5      | Reached XP level 7. HP: 36/36 MP: 15/18
  5798 | D:5      | Found a shimmering blue altar of Sif Muna.
  6085 | D:5      | Found an ancient bone altar of Kikubaaqudgha.
  6620 | D:6      | Found a runed translucent gate.
  6620 | D:6      | Found a runed translucent gate.
  6621 | D:6      | Found a runed translucent gate.
  6624 | D:6      | Noticed PostNTower's ghost (novice DrTm)
  6651 | D:6      | Noticed a steam dragon
  6663 | D:6      | Noticed a troll
  6756 | D:5      | Slain by a wight

Illustrated notes

Levels and vault maps discovered:
D:1:      tarquinn_simple_flora_water_f, layout_loops_ring
D:2:      layout_basic, glass_columns_b, uniq_crazy_yiuf_cottage
D:3:      layout_basic, lemuel_zombie_altar_yredelemnul,
          nicolae_ecumenical_oubliette
D:4:      layout_basic, chequers_temple_overflow_statue_of_worship,
          nicolae_tso_swordbearing_angel, minmay_temple_entry_mist,
          grunt_ministairs_4
D:5:      layout_layer_cave, kennysheep_mini_moat,
          nicolae_sif_muna_little_library
D:6:      minmay_polygon_palace, layout_loops_corners,
          lemuel_coloured_pillars_altar, nicolae_wu_jian_immortal_techniques,
          mainiacjoe_overflow_concentric_impassable, ebering_ghost_rock_garden,
          uniq_blork_the_orc, uniq_duvessa
Temple:   ebering_the_one_and_only

Skill      XL: |  1  2  3  4  5  6 |
---------------+-------------------+-----
Conjurations   | 2 3 4 5 |  5.3
Translocations | 2 |  2.2
Spellcasting   | 5 6 |  6.1
Poison Magic   | 1 2 3 |  3.8
Air Magic      | 1 2 |  2.3
Dodging        | |  2.4
Stealth        | |  2.4
Summonings     | |  1.1

Action                     |  1- 3 |  4- 6 |  7- 9 || total
---------------------------+-------+-------+-------++-------
  Melee: Dagger            |    17 |       |       ||    17
   Cast: Magic Dart        |   139 |   129 |    24 ||   292
         Mephitic Cloud    |       |     4 |     3 ||     7
         Blink             |       |       |     4 ||     4
    Use: Scroll            |       |       |     3 ||     3
 Armour: Robe              |     3 |     2 |     3 ||     8
  Dodge: Dodged            |    19 |     9 |    22 ||    50

Table legend: (Time is in decaauts)
 A = Elapsed time spent in this place.
 B = Non-inter-level travel time spent in this place.
 C = Inter-level travel time spent in this place.
 D = Time resting spent in this place.
 E = Time spent auto-exploring this place.
 F = Levels seen in this place.
 G = Mean time per level.
                   A        B        C        D        E       F      G
               +--------+--------+--------+--------+--------+-----+--------+
         Total |   6758 |   6579 |    179 |    917 |   4798 |   7 |  965.4 |
       Dungeon |   6724 |   6545 |    179 |    917 |   4765 |   6 | 1120.7 |
        Temple |     34 |     34 |      0 |      0 |     33 |   1 |   34.0 |
               +--------+--------+--------+--------+--------+-----+--------+

Top non-repeatable levels by time:
     D:3: 1425 daAuts
     D:5: 1365 daAuts
     D:2: 1348 daAuts
     D:1: 1120 daAuts
     D:4: 1069 daAuts
     D:6: 395 daAuts
  Temple: 34 daAuts
